 Seeded DCSS version 0.28-a0-691-gad6df49e81 (webtiles) character file.

Game seed: 20211021 (custom seed)

10 a11behringer the Cudgeller (level 2, -5/25 HPs)
             Began as a Palentonga Berserker on Oct 21, 2021.
             Was a Follower of Trog.
             Slain by Sigmund (12 damage)
             ... on level 2 of the Dungeon.
             The game lasted 00:03:29 (560 turns).

a11behringer the Cudgeller (Palentonga Berserker)    Turns: 560, Time: 00:03:30

Health: -5/25      AC:  5    Str: 20    XL:     2   Next: 10%
Magic:  2/2        EV:  9    Int:  7    God:    Trog [*.....]
Gold:   6          SH:  5    Dex:  9    Spells: 1/1 levels left

rFire   . . .      SeeInvis +   a - +0 mace
rCold   . . .      Faith    .   (no shield)
rNeg    . . .      Spirit   .   b - +0 animal skin
rPois   .          Reflect  +   (no helmet)
rElec   .          Harm     .   e - +0 cloak
rCorr   .          Rampage  .   (no gloves)
Will    .....                   (no barding)
Stlth   +.........              c - amulet of reflection
HPRegen 0.08/turn               (no ring)
MPRegen 0.08/turn               (no ring)

@: on berserk cooldown, slowed, very slow
A: large, rugged brown scales 3, see invisible, deformed body, roll 1, armoured
tail
a: Rolling Charge, Renounce Religion, Berserk


You were on level 2 of the Dungeon.
You worshipped Trog.
Trog was aware of your devotion.
You visited 1 branch of the dungeon, and saw 2 of its levels.

You collected 6 gold pieces.

Inventory:

Hand Weapons
 a - a +0 mace (weapon)
Missiles
 j - 36 bolts
Armour
 b - a +0 animal skin (worn)
 d - a +0 ring mail
 e - a +0 cloak (worn)
 g - a +0 leather armour
Jewellery
 c - an amulet of reflection (around neck)
Scrolls
 f - a scroll of teleportation
Potions
 h - 2 potions of attraction


   Skills:
 + Level 3.0 Fighting
 * Level 3.3 Maces & Flails
 + Level 1.7 Armour
 + Level 1.7 Dodging


You had one spell level left.
You didn't know any spells.
Your spell library was empty.

Dungeon Overview and Level Annotations

Branches:
Dungeon (2/15)

Altars:

Shops:
D:1 ?

Annotations:
D:2 Sigmund


Innate Abilities, Weirdness & Mutations

You are completely covered in rugged brown scales. (AC +3, +7% HP)
You have supernaturally acute eyesight. (SInv)
Armour fits poorly on your strangely shaped body.
You can roll at nearby foes to attack.
You have a long armoured tail.


Message History

Sigmund closely misses you. Sigmund casts a spell at you.
The magic dart hits you.
You feel less confused.
You hit the ball python.
The ball python is moderately wounded.
The ball python barely misses you. Sigmund barely misses you.
The ball python bites you but does no damage.
Sigmund closely misses you.
The ball python bites you but does no damage.
You barely miss the ball python.
Your tail-slap misses the ball python.
The ball python is moderately wounded.
The goblin barely misses you. You block the ball python's attack.
The goblin barely misses you. Sigmund closely misses you.
You block the ball python's attack. The ball python bites you.
Sigmund hits you from afar with a +0 scythe.
The goblin hits you but does no damage. The ball python bites you.
The ball python closely misses you. The ball python completely misses you.
You block the ball python's attack. You block the ball python's attack.
The ball python bites you. Sigmund gestures at you while chanting.
You resist with significant effort. The ball python closely misses you.
The ball python bites you.
Sigmund says, "Look into my eyes."
The ball python bites you. The ball python barely misses you.
Sigmund hits you from afar with a +0 scythe.
* * * LOW HITPOINT WARNING * * *
The ball python bites you but does no damage.
Sigmund mumbles some strange words.
Sigmund flickers and vanishes for a moment.
The ball python bites you but does no damage.
You block the ball python's attack. The ball python bites you.
* * * LOW HITPOINT WARNING * * *
Sigmund hits you from afar with a +0 scythe!
You die...

#.# #w#
#.# #.#
#.# #g#
#@# #S#
#@#
#...#
#......
##...###
##.##
###


You could see Sigmund (invisible), a worm, a goblin and a ball python.

Vanquished Creatures
  A ball python (D:1)
  A bat (D:1)
  A giant cockroach (D:1)
  2 hobgoblins (D:1)
  2 kobolds (D:1)
  2 frilled lizards (D:1)
9 creatures vanquished.

Notes
Turn   | Place    | Note
-------+----------+-------------------------------------------
     0 | D:1      | a11behringer the Palentonga Berserker began the quest for
                  | the Orb.
     0 | D:1      | Reached XP level 1. HP: 19/19 MP: 1/1
   157 | D:1      | Found Gecead's Magic Scroll Emporium.
   213 | D:1      | Reached XP level 2. HP: 25/25 MP: 2/2
   532 | D:2      | Noticed Sigmund
   560 | D:2      | Slain by Sigmund

Illustrated notes

Levels and vault maps discovered:
D:1:      denvon_arrival_waterhouse, layout_rooms, serial_shops, shop_statue,
          minmay_misc_feat_roman
D:2:      layout_loops_ring, hellmonk_ecumenical_altar_lost_god,
          serial_bayou_lagoon_a, uniq_sigmund

Action                   || total
-------------------------++-------
Melee: Mace              ||    26
       Tailslap          ||     1
Invok: Berserk           ||     1
  Use: Scroll            ||     3
Armor: Animal skin       ||    19
Dodge: Dodged            ||    30
Block: Other             ||    10

Table legend: (Time is in decaauts)
 A = Elapsed time spent in this place.
 B = Non-inter-level travel time spent in this place.
 C = Inter-level travel time spent in this place.
 D = Time resting spent in this place.
 E = Time spent auto-exploring this place.
 F = Levels seen in this place.
 G = Mean time per level.
                   A        B        C        D        E       F      G
               +--------+--------+--------+--------+--------+-----+--------+
         Total |    577 |    477 |    100 |      0 |    337 |   2 |  288.5 |
       Dungeon |    577 |    477 |    100 |      0 |    337 |   2 |  288.5 |
               +--------+--------+--------+--------+--------+-----+--------+

Top non-repeatable levels by time:
     D:1: 539 daAuts
     D:2: 38 daAuts
